 Dungeon Crawl Stone Soup version 0.16.1-16-gc44b35d (webtiles) character file.

55 jacksonaction the Caller (level 3, 0/19 HPs)
             Began as a Deep Elf Summoner on Apr 17, 2015.
             Slain by a gnoll (5 damage)
             ... on level 3 of the Dungeon.
             The game lasted 00:12:00 (1444 turns).

jacksonaction the Caller (Deep Elf Summoner)        Turns: 1444, Time: 00:12:00

Health: 0/19       AC:  2    Str:  5    XL:     3   Next: 67%
Magic:  1/12       EV: 13    Int: 20    God:
Gold:   96         SH:  0    Dex: 15    Spells: 3 memorised, 4 levels left

rFire  . . .     SeeInvis .     (no weapon)
rCold  . . .     Clarity  .     a - +0 robe
rNeg   . . .     SustAb   .     (no shield)
rPois  .         Gourm    .     (no helmet)
rElec  .         Spirit   .     (no cloak)
rCorr  .         Warding  .     (no gloves)
rMut   .         Stasis   .     (no boots)
MR     .....                    (no amulet)
Stlth  ++........               (no ring)
                                (no ring)

@: not resistant to hostile enchantments, unstealthy
A: no striking features
a: no special abilities


You were on level 3 of the Dungeon.
You were not hungry.

You visited 1 branch of the dungeon, and saw 3 of its levels.

You collected 96 gold pieces.

Inventory:

Missiles
 d - 76 stones (quivered)
 e - 2 curare-tipped needles
Armour
 a - a +0 robe (worn)
 u - a +2 hat
Jewellery
 g - an uncursed ring of protection from cold {unknown}
 v - an uncursed amulet of resist mutation {unknown}
Scrolls
 h - a scroll of enchant weapon
 j - 2 scrolls of identify {unknown}
 m - a scroll of immolation {unknown}
 p - 4 scrolls of magic mapping {unknown}
 s - 3 scrolls of remove curse {unknown}
 x - a scroll of enchant armour {unknown}
Potions
 i - a potion of cure mutation {unknown}
 k - 2 potions of haste {unknown}
 n - a potion of cancellation {unknown}
 t - a potion of poison {unknown}
 w - a potion of berserk rage {unknown}
 z - a potion of magic {unknown}
 A - a potion of brilliance {unknown}
Books
 b - a book of Callings

   Spells                             Type                      Level
   a - Summon Small Mammal            Summoning                    1
   b - Call Imp                       Summoning                    2
   c - Call Canine Familiar           Summoning                    3
   d - Summon Guardian Golem          Hexes/Summoning              4
   e - Summon Lightning Spire         Summoning/Air                4
   f - Summon Ice Beast               Ice/Summoning                4
Comestibles
 c - 3 bread rations
 f - a meat ration
 l - a royal jelly
 o - 2 beef jerkies
 q - a slice of pizza
 r - a chunk of flesh


   Skills:
 - Level 2.4 Dodging
 - Level 2.4 Stealth
 + Level 4.2 Spellcasting
 + Level 5.3 Summonings


You had 4 spell levels left.
You knew the following spells:

 Your Spells              Type           Power        Failure   Level  Hunger
a - Summon Small Mammal   Summ           ####         1%          1    None
b - Call Imp              Summ           ####....     2%          2    #......
c - Call Canine Familiar  Summ           ####....     6%          3    ###....


Dungeon Overview and Level Annotations

Branches:
Dungeon (3/15)

Altars:


Message History

Press: ? - help, Shift-Dir - straight line, f/p - gnoll
Aim: a gnoll (severely wounded)
You throw a stone. The stone closely misses the gnoll.
The adder closely misses your crimson imp.
The gnoll hits you!
* * * LOW HITPOINT WARNING * * *
Your crimson imp blinks!
What do you say? t - Shout!
Orders for allies: a - Attack new target. p - Attack previous target. r - Retreat! s - Stop attacking. w - Wait here. f - Follow me.
Anything else - Stay silent.
Okay, then.
Read which item? (? for menu, Esc to quit)
As you read the scroll labeled TRYERUVANU, it crumbles to dust.
It is a scroll of enchant weapon.
You aren't carrying any weapons that can be enchanted.
The gnoll hits you.
You die...

#.#####.#######.#
#.#.#.# #.# ##
#.grh.r#...).....
......# #.###.
#######h## #.#
#.#...###..... #.#
#.. ..........###.
#.# #####..#####
## #.#########
#..# # #.).).g)((#
..# #
#########g######..
. #@S..5.... #
##########


You could see a gnoll, an adder and a friendly crimson imp.

Vanquished Creatures (collateral kills)
  2 gnolls (D:3)
  4 adders (D:2)
  3 giant geckos
  An ooze (D:3)
  4 orcs (D:3)
  4 bats
  6 goblins
  A hobgoblin (D:2)
  3 kobolds
  2 giant newts (D:1)
  A quokka (D:3)
  4 rats
35 creatures vanquished.

Vanquished Creatures (others)
  A crimson imp (D:3)
  3 hounds (D:3)
  3 shadow imps (D:3)
  3 quokkas (D:1)
  3 rats (D:1)
13 creatures vanquished.

Grand Total: 48 creatures vanquished

Notes
Turn   | Place    | Note
--------------------------------------------------------------
     0 | D:1      | jacksonaction, the Deep Elf Summoner, began the quest for the Orb.
     0 | D:1      | Reached XP level 1. HP: 10/10 MP: 5/5
   503 | D:1      | Reached XP level 2. HP: 15/15 MP: 3/8
   507 | D:1      | Learned a level 2 spell: Call Imp
   906 | D:2      | Reached skill level 5 in Summonings
   906 | D:2      | Reached XP level 3. HP: 19/19 MP: 8/12
   911 | D:2      | Learned a level 3 spell: Call Canine Familiar
  1028 | D:2      | You fall through a shaft!
  1444 | D:3      | Slain by a gnoll

Action                   || total
-------------------------++-------
Melee: Unarmed           ||     3
Throw: Stone             ||     3
 Cast: Summon Small Mamm ||    24
       Call Imp          ||    19
       Call Canine Famil ||     6
  Use: Scroll            ||     1
  Eat: Chunk             ||     2
